 Dungeon Crawl Stone Soup version 0.31-a0-799-g6bc09d010c (webtiles) character file.

Game seed: 11915494946508565985

67 javelincjr the Magician (level 4, -1/30 HPs)
             Began as a Demonspawn Hedge Wizard on Sept 19, 2023.
             Was a Priest of Jiyva.
             Slain by a gnoll
             ... wielding a +0 halberd
              (4 damage)
             ... on level 4 of the Dungeon.
             The game lasted 00:07:57 (3148 turns).

javelincjr the Magician (Demonspawn Hedge Wizard)   Turns: 3148, Time: 00:07:57

Health: -1/30      AC:  5    Str: 14    XL:     4   Next: 0%
Magic:  5/9        EV: 12    Int: 16    God:    Jiyva [***...]
Gold:   110        SH:  0    Dex: 12    Spells: 9/10 levels left

rFire   . . .        o - +0 dagger (drain)
rCold   . . .        (no shield)
rNeg    . . .        b - +0 robe
rPois   .            c - +0 hat
rElec   .            (no cloak)
rCorr   +            (no gloves)
SInv    .            k - +0 pair of boots
Will    .....        (no amulet)
Stlth   ++           (no ring)
HPRegen 1.37/turn    (no ring)
MPRegen 0.46/turn

%: no passive effects
@: very slightly contaminated
A: antennae 2, slimy green scales 1, strong 1, wild magic 3
a: Renounce Religion, Oozemancy


You were on level 4 of the Dungeon.
You worshipped Jiyva.
Jiyva was most pleased with you.
You visited 1 branch of the dungeon, and saw 4 of its levels.

You collected 110 gold pieces.

Inventory:

Hand Weapons
 a - a +0 dagger
 m - a +0 trident
 o - a +0 dagger of draining (weapon)
Missiles
 j - 8 poisoned darts
 l - 3 boomerangs
Armour
 b - a +0 robe (worn)
 c - a +0 hat (worn)
 k - a +0 pair of boots (worn)
Magical Staves
 p - a staff of earth
Jewellery
 h - an amulet of faith
Scrolls
 g - a scroll of amnesia {unknown}
 i - 2 scrolls of fog {unknown}
 n - a scroll of identify {unknown}
Potions
 d - a potion of magic
 e - a potion of degeneration {unknown}
 f - a potion of enlightenment {unknown}
 q - a potion of invisibility {unknown}


   Skills:
 + Level 2.2 Dodging
 + Level 2.1 Stealth
 * Level 3.5 Spellcasting
 + Level 1.7 Conjurations
 + Level 1.5 Summonings
 + Level 1.4 Translocations


You had 9 spell levels left.
You knew the following spells:

 Your Spells              Type           Power      Damage    Failure   Level
a - Magic Dart            Conj           60%        1d6       26%         1

Your spell library contained the following spells:

 Spells                   Type           Power      Damage    Failure   Level
 Summon Small Mammal      Summ           56%        N/A       28%         1
 Call Imp                 Summ           28%        N/A       36%         2
 Blink                    Tloc           28%        N/A       38%         2
 Slow                     Hex            20%        N/A       43%         1
 Cigotuvi's Dreadful Rot  Necr/Pois/Air  10%        N/A       52%         2
 Call Canine Familiar     Summ           14%        N/A       54%         3
 Summon Guardian Golem    Hex/Summ       9%         N/A       63%         3
 Mephitic Cloud           Conj/Pois/Air  8%         N/A       65%         3


Dungeon Overview and Level Annotations

Branches:
Dungeon (4/15)
 Temple: D:4-7

Altars:
Jiyva

Shops:
D:2 :   D:4 [!*:


Innate Abilities, Weirdness & Mutations

You have a pair of antennae on your head.
You are partially covered in slimy green scales. (AC +2)
Your muscles are strong. (Str +4, Int/Dex -1)
Your spells are much harder to cast, but much more powerful.


Message History

The magic dart hits the gnoll.
The gnoll is severely wounded.
The gnoll hits you from afar with a +0 spear.
You hear a distant slurping noise.
You miscast Magic Dart.
Nothing appears to happen.
The gnoll misses you.
The magic dart hits the gnoll.
You kill the gnoll!
You have reached level 4!
You feel agile.
Your demonic ancestry asserts itself...
The antennae on your head grow some more.
The magic dart hits the gnoll.
The gnoll is lightly wounded.
The gnoll closely misses you.
You hear a distant slurping noise.
You miscast Magic Dart.
Nothing appears to happen.
The gnoll closely misses you. The gnoll barely misses you.
The gnoll hits you from afar with a +0 halberd!
You barely miss the gnoll.
The gnoll is lightly wounded.
The gnoll hits you with a +0 halberd. The gnoll barely misses you.
You barely miss the gnoll.
The gnoll is lightly wounded.
The gnoll closely misses you.
The gnoll hits you from afar with a +0 halberd.
You hit the gnoll.
The gnoll is lightly wounded.
The gnoll completely misses you. The gnoll closely misses you.
You barely miss the gnoll.
The gnoll is lightly wounded.
The gnoll hits you with a +0 halberd! The gnoll misses you.
You hit the gnoll.
The gnoll is moderately wounded.
The gnoll closely misses you.
The gnoll hits you from afar with a +0 halberd!
* * * LOW HITPOINT WARNING * * *
You barely miss the gnoll.
The gnoll is moderately wounded.
The gnoll hits you with a +0 halberd.
You die...

#######....# .<.
#....# #....# .
#....# .g #....#
... #....####.#
.... #.........#
.....
#...#######......
##.....@ggg......
##########......
#####


You could see 3 gnolls.

Vanquished Creatures
  A gnoll (D:4)
  An adder (D:2)
  An ufetubus (D:4)
  2 worms (D:2)
  2 dart slugs
  2 bats (D:3)
  2 endoplasms (D:1)
  2 giant cockroaches (D:1)
  3 goblins
  3 hobgoblins
  2 jackals (D:2)
  A kobold (D:1)
  5 quokkas
  3 ball pythons
  4 frilled lizards
  A rat (D:2)
35 creatures vanquished.

Vanquished Creatures (others)
  A jelly (D:4)
  A gnoll (D:4)
  3 adders
  An endoplasm (D:4)
  2 ball pythons (D:4)
  A giant cockroach (D:2)
  A hobgoblin (D:3)
  2 kobolds (D:3)
  3 quokkas (D:3)
  2 bats
  A frilled lizard (D:3)
  2 goblins (D:3)
20 creatures vanquished.

Grand Total: 55 creatures vanquished

Notes
Turn   | Place    | Note
-------+----------+-------------------------------------------
     0 | D:1      | javelincjr the Demonspawn Hedge Wizard began the quest for
                  | the Orb.
     0 | D:1      | Reached XP level 1. HP: 13/13 MP: 4/4
   214 | D:1      | Reached skill level 1 in Translocations
   358 | D:2      | Gained mutation: You have a pair of small antennae on your
                  | head. [demonic ancestry]
   358 | D:2      | Reached XP level 2. HP: 8/19 MP: 4/6
   928 | D:1      | Found a faded altar of an unknown god.
   940 | D:1      | Prayed at the altar of an unknown god.
   940 | D:1      | Became a worshipper of Jiyva Jifremia the Shapeless
   940 | D:1      | Reached * piety under Jiyva
  1231 | D:2      | Gained mutation: You are partially covered in slimy green
                  | scales. (AC +2) [demonic ancestry]
  1231 | D:2      | Reached XP level 3. HP: 24/24 MP: 3/7
  1517 | D:2      | Reached ** piety under Jiyva
  2016 | D:2      | Found Jytit's Book Emporium.
  2370 | D:3      | Reached *** piety under Jiyva
  2530 | D:3      | Gained mutation: Your spells are a little harder to cast,
                  | but a little more powerful. [Jiyva's grace]
  2530 | D:3      | Gained mutation: Your spells are harder to cast, but more
                  | powerful. [Jiyva's grace]
  2530 | D:3      | Gained mutation: Your spells are much harder to cast, but
                  | much more powerful. [Jiyva's grace]
  2530 | D:3      | Gained mutation: Your muscles are strong. (Str +4, Int/Dex
                  | -1) [Jiyva's grace]
  2978 | D:4      | Found Otahoh Aluh's Distillery.
  2978 | D:4      | Found Afynelys's Book Emporium.
  2981 | D:4      | Found Petus's Antique Armour Emporium.
  2981 | D:4      | Found Toumeroe's General Store.
  3140 | D:4      | Gained mutation: You have a pair of antennae on your head.
                  | [demonic ancestry]
  3140 | D:4      | Reached XP level 4. HP: 30/30 MP: 3/9
  3147 | D:4      | HP: 1/30 [gnoll/+0 halberd (10)]
  3148 | D:4      | Slain by a gnoll

Illustrated notes

Levels and vault maps discovered:
D:1:      nicolae_arrival_somewhat_less_tricky_arrival, layout_rooms,
          shapermc_ecumenical_altar_venn
D:2:      layout_loops_corners, serial_shops, nicolae_shop_peninsula
D:3:      layout_loops_corners
D:4:      layout_basic, minmay_shop_grid_forest, kennysheep_path_1,
          minmay_circle_x

Skill      XL: |  1  2 |
---------------+-------+-----
Translocations | 1 |  1.4
Dodging        | 2 |  2.2
Stealth        | 2 |  2.1
Spellcasting   | |  3.5
Conjurations   | |  1.7
Summonings     | |  1.5

Action                     |  1- 3 |  4- 6 || total
---------------------------+-------+-------++-------
  Melee: Dagger            |    44 |     6 ||    50
         Trident           |     3 |       ||     3
         Punch             |     1 |       ||     1
   Cast: Magic Dart        |   108 |     1 ||   109
   Stab: Sleeping          |     1 |       ||     1
 Armour: Robe              |    48 |     6 ||    54
  Dodge: Dodged            |    57 |     9 ||    66

Table legend: (Time is in decaauts)
 A = Elapsed time spent in this place.
 B = Non-inter-level travel time spent in this place.
 C = Inter-level travel time spent in this place.
 D = Time resting spent in this place.
 E = Time spent auto-exploring this place.
 F = Levels seen in this place.
 G = Mean time per level.
                   A        B        C        D        E       F      G
               +--------+--------+--------+--------+--------+-----+--------+
         Total |   3149 |   3060 |     89 |    103 |   2601 |   4 |  787.2 |
       Dungeon |   3149 |   3060 |     89 |    103 |   2601 |   4 |  787.2 |
               +--------+--------+--------+--------+--------+-----+--------+

Top non-repeatable levels by time:
     D:2: 1050 daAuts
     D:1: 1017 daAuts
     D:3: 859 daAuts
     D:4: 222 daAuts
